AoeStats
← alejandroalabauserrano

Arabia

509012121Analyzed
1v1 RM · 9d ago on Sep 25, 2026· 74m 22s· 2 players
Game mode
Random Map
Map size
Tiny (2 player)
Population
200
Speed
Normal
Resources
Standard
Victory
Conquest
Starting age
Dark Age
Ending age
Imperial Age
RankedLock teamsTeams togetherTeam positionsShared explorationLock speedFull tech treeHidden civsTurbo modeCheats
Victory
Defeat
🇪🇸 Huns · Spain
470
+18
🇦🇷 Japanese · Argentina
508
-18
alejandroalabauserrano
1:34 Loom
11:12 Feudal Age
11:38 Double-Bit Axe
12:34 Wheelbarrow
12:07 Horse Collar
12:36 Town Watch
16:30 Scale Barding Armor
18:30 Forging
19:18 Gold Mining
20:29 Bloodlines
22:58 Castle Age
22:39 Stone Mining
22:43 Fletching
22:54 Padded Archer Armor
23:50 Bow Saw
23:42 Heavy Plow
25:13 Bodkin Arrow
25:54 Leather Archer Armor
28:17 Husbandry
29:18 Gold Shaft Mining
29:26 Bloodlines
30:23 Chain Barding Armor
30:49 Hand Cart
32:11 Iron Casting
31:02 Crossbowman
32:03 Thumb Ring
45:13 Imperial Age
44:04 Town Patrol
47:00 Two-Man Saw
45:31 Cavalier
46:53 Plate Barding Armor
46:20 Bracer
47:21 Blast Furnace
47:03 Paladin
48:55 Chemistry
48:17 Ballistics
49:28 Conscription
Mike Ehrmantraut
2:23 Loom
11:52 Feudal Age
12:21 Double-Bit Axe
16:29 Horse Collar
24:26 Castle Age
23:48 Forging
23:39 Scale Mail Armor
25:15 Wheelbarrow
25:07 Heavy Plow
26:21 Bow Saw
27:20 Gold Mining
28:01 Ballistics
27:40 Murder Holes
27:38 Pikeman
28:53 Squires
28:40 Arson
29:03 Thumb Ring
29:08 Padded Archer Armor
29:06 Treadmill Crane
29:34 Stone Mining
29:53 Gambesons
31:11 Gold Shaft Mining
30:15 Elite Skirmisher
31:59 Hand Cart
32:53 Leather Archer Armor
32:33 Fletching
33:40 Chain Mail Armor
35:26 Bodkin Arrow
37:55 Iron Casting
39:30 Yasama
39:33 Guard Tower
45:32 Imperial Age
45:26 Fortified Wall
45:27 Masonry
47:16 Two-Man Saw
47:22 Chemistry
45:51 Halberdier
46:58 Conscription
48:32 Blast Furnace
48:26 Hoardings
49:31 Plate Mail Armor
49:04 Arrowslits
50:15 Kataparuto
50:59 Ring Archer Armor
52:50 Bracer
52:25 Elite Samurai
53:40 Onager
54:24 Town Watch
58:51 Town Patrol
Connection lost

Rejoining the realm…

Still unreachable

The connection could not be restored.

Session expired

The server has moved on; the page needs a fresh start.